 Dungeon Crawl Stone Soup version 0.20-a0-1109-ge3cd172 (webtiles) character file.

3982 seren the Cleaver (level 10, -8/94 HPs)
             Began as a Hill Orc Fighter on May 5, 2017.
             Killed from afar by an electric eel (10 damage)
             ... with a bolt of electricity
             ... on level 7 of the Dungeon.
             The game lasted 00:27:37 (8652 turns).

seren the Cleaver (Hill Orc Fighter)                Turns: 8652, Time: 00:27:38

Health: -8/94      AC: 11    Str: 21    XL:     10   Next: 22%
Magic:  10/10      EV: 10    Int:  8    God:
Gold:   244        SH:  7    Dex: 12    Spells: 9/9 levels left

rFire    . . .     SeeInvis .   a - +1 war axe
rCold    + . .     Gourm    .   l - +0 buckler
rNeg     . . .     Faith    .   s - +0 scale mail
rPois    .         Spirit   .   k - +1 helmet
rElec    .         Reflect  +   (no cloak)
rCorr    .         Harm     .   n - +1 pair of gloves
MR       .....                  (no boots)
Stlth    ..........             e - +2 amulet of reflection
Regen    0.3/turn               x - ring of protection from cold
MPRegen  0.2/turn               (no ring)

@: no status effects
A: no striking features
a: no special abilities


You were on level 7 of the Dungeon.
You were not hungry.

You visited 2 branches of the dungeon, and saw 9 of its levels.
You also visited: Sewer.

You collected 464 gold pieces.
You spent 220 gold pieces at shops.

Inventory:

Hand Weapons
 a - a +1 war axe (weapon)
 b - a +0 hunting sling
 d - a +4 scimitar of flaming
 E - a +3 battleaxe
Missiles
 t - 130 stones (quivered)
Armour
 c - a +0 shield
 k - a +1 helmet (worn)
 l - a +0 buckler (worn)
 n - a +1 pair of gloves (worn)
 s - a +0 scale mail (worn)
Jewellery
 e - a +2 amulet of reflection (around neck)
 x - a ring of protection from cold (left hand)
 C - an uncursed ring of ice
Wands
 F - a wand of polymorph (8/24)
Scrolls
 j - 2 scrolls of amnesia {unknown}
 m - 4 scrolls of teleportation
 o - 2 scrolls of enchant weapon
 p - a scroll of magic mapping {unknown}
 q - a scroll of remove curse
 u - 3 scrolls of immolation
 y - 3 scrolls of fog {unknown}
 D - a scroll of brand weapon {unknown}
 G - a scroll of identify
Potions
 h - 4 potions of curing
 r - a potion of heal wounds
 v - 2 potions of brilliance
 w - a potion of lignification {unknown}
 z - a potion of agility
 A - a potion of mutation {unknown}
 B - a potion of haste {unknown}
 I - a potion of invisibility {unknown}
Books
 H - a book of Air

   Spells                             Type                      Level
   a - Shock                          Conjuration/Air              1
   b - Swiftness                      Charms/Air                   2
   c - Static Discharge               Conjuration/Air              3
   d - Airstrike                      Air                          4
   e - Lightning Bolt                 Conjuration/Air              5
Comestibles
 f - 4 bread rations
 g - 4 royal jellies
 i - 2 meat rations


   Skills:
 - Level 10.5 Fighting
 * Level 13.2 Axes
 - Level 0.1 Slings
 - Level 4.0 Armour
 - Level 1.0 Dodging
 - Level 1.4 Stealth
 + Level 6.0 Shields


You had 9 spell levels left.
You didn't know any spells.

Dungeon Overview and Level Annotations

Branches:
Dungeon (8/15)             Temple (1/1) D:6            Lair (0/6) D:8

Altars:
Cheibriados
Dithmenos
Elyvilon
Fedhas
Hepliaklqana
Kikubaaqudgha
Makhleb
Nemelex Xobeh
Ru
Sif Muna
Trog
Vehumet
Wu Jian
Xom
Zin
Lugonu

Shops:
D:8 ?

Annotations:
D:5 Sigmund
D:7 exclusion: electric eel


Message History

You are too injured to fight recklessly!
You are too injured to fight recklessly!
You are too injured to fight recklessly!
You are too injured to fight recklessly!
The electric eel shoots out a bolt of lightning at you!
The bolt of electricity hits you!
The electric eel shoots out a bolt of lightning at you!
The bolt of electricity hits you!
* * * LOW HITPOINT WARNING * * *
The electric eel shoots out a bolt of lightning at you!
The bolt of electricity hits you!
* * * LOW HITPOINT WARNING * * *
The electric eel shoots out a bolt of lightning at you!
The bolt of electricity hits you!
* * * LOW HITPOINT WARNING * * *
The electric eel shoots out a bolt of lightning at you!
The bolt of electricity hits you!
* * * LOW HITPOINT WARNING * * *
The bolt of electricity hits you!
You die...

. #..###.###.#≈P≈≈PP≈≈≈≈ .
##[[.##.###.≈♣≈P≈P≈≈P≈≈ .
##..#....#...♣♣≈;P≈≈≈≈≈≈ #
#..####.>....♣ ≈≈≈≈P≈≈≈≈ ##
#.###....#.#.# ≈≈≈≈P≈≈
.###...[<##.....##♣♣;;≈P;≈≈
..)...#####....###.≈;♣
.......# #.)...##..#♣ ♣♣♣≈
..........#...#.@...# ≈≈≈P
......♣P.♣♣.#.##....#..#
......♣♣≈♣♣♣...........#
..###♣♣≈≈.♣.....##.#####
#.# ♣≈P♣.♣#.###.# #.♣
♣♣♣♣≈♣♣♣♣♣♣# #.#
#.♣♣♣≈≈≈≈.♣PP♣♣###.#
≈.≈.≈≈;.≈.≈.>.[.#
P≈♣≈.≈.♣♣♣≈♣#####


You could see 3 electric eels.

Vanquished Creatures
  Erica (D:8)
  The ghost of seren the Cleaver, a novice HOFi of Okawaru (D:7)
  The ghost of nubinia the Magician, a novice DrAE of Kikubaaqudgha (D:6)
  2 hippogriffs
  A hungry ghost (D:8)
  An ice beast (D:6)
  A phantom (D:6)
  Purgy (Sewer)
  2 centaurs (D:8)
  3 ogres
  2 bullfrogs
  A wyvern zombie (D:7)
  A scorpion (D:3)
  7 wights
  2 crimson imps
  A quasit (D:8)
  3 hounds
  2 jellies
  3 orc priests (D:4)
  An orc wizard (D:4)
  An iguana (D:6)
  6 worker ants
  A killer bee zombie (D:6)
  A hound skeleton (D:8)
  4 gnolls
  9 adders
  2 shadow imps
  An ooze (D:1)
  An adder skeleton (D:4)
  An adder zombie (D:6)
  2 worms (D:3)
  A dart slug (D:1)
  6 leopard geckos
  10 orcs
  8 giant cockroaches
  7 goblins
  3 hobgoblins
  8 jackals
  5 quokkas
  3 ball pythons
  8 bats
  8 frilled lizards
  A jackal skeleton (D:6)
  6 kobolds
  A quokka skeleton (D:8)
  5 rats
146 creatures vanquished.

Vanquished Creatures (others)
  Sigmund (D:5)
  2 plants
3 creatures vanquished.

Grand Total: 149 creatures vanquished

Notes
Turn   | Place    | Note
-------+----------+-------------------------------------------
     0 | D:1      | seren the Hill Orc Fighter began the quest for the Orb.
     0 | D:1      | Reached XP level 1. HP: 19/19 MP: 1/1
    81 | D:1      | Reached skill level 3 in Axes
   370 | D:1      | Reached XP level 2. HP: 21/26 MP: 2/2
   561 | D:1      | Reached skill level 4 in Axes
   950 | D:1      | Reached XP level 3. HP: 30/31 MP: 3/3
  1137 | D:2      | Found a radiant altar of Vehumet.
  1311 | D:2      | Found a shadowy altar of Dithmenos.
  1379 | D:2      | Reached skill level 1 in Stealth
  1527 | D:2      | Found a burning altar of Makhleb.
  1559 | D:2      | Found a sacrificial altar of Ru.
  1773 | D:3      | Reached skill level 1 in Dodging
  1773 | D:3      | Reached XP level 4. HP: 34/39 MP: 4/4
  1890 | D:3      | Reached skill level 5 in Axes
  1930 | D:3      | Reached skill level 6 in Axes
  1930 | D:3      | Reached XP level 5. HP: 27/45 MP: 5/5
  2162 | D:2      | Reached skill level 7 in Axes
  2313 | D:3      | Reached XP level 6. HP: 51/51 MP: 6/6
  2883 | D:4      | Found a glowing drain.
  2907 | Sewer    | Entered a sewer
  2991 | Sewer    | Noticed Purgy
  2995 | Sewer    | Killed Purgy
  2995 | Sewer    | Reached skill level 8 in Axes
  3228 | D:4      | Reached skill level 9 in Axes
  3228 | D:4      | Reached XP level 7. HP: 36/57 MP: 7/7
  3814 | D:4      | Found a shimmering altar of Xom.
  3816 | D:4      | Found an ancient bone altar of Kikubaaqudgha.
  3819 | D:4      | Found a sparkling altar of Nemelex Xobeh.
  3900 | D:4      | Found a white marble altar of Elyvilon.
  4129 | D:4      | Reached skill level 10 in Axes
  4275 | D:5      | Entered Level 5 of the Dungeon
  4289 | D:5      | Noticed Sigmund
  4303 | D:5      | Killed Sigmund
  4791 | D:6      | Found a staircase to the Ecumenical Temple.
  4800 | D:6      | Noticed nubinia's ghost (novice DrAE)
  4829 | D:6      | Killed nubinia's ghost
  4829 | D:6      | Reached XP level 8. HP: 37/70 MP: 8/8
  5028 | Temple   | Entered the Ecumenical Temple
  6249 | D:7      | Noticed seren's ghost (novice HOFi)
  6416 | D:7      | Reached XP level 9. HP: 77/85 MP: 9/9
  6766 | D:8      | Found Napuang's Magic Scroll Shoppe.
  6769 | D:8      | Bought a scroll of enchant armour for 97 gold pieces
  6769 | D:8      | Bought a scroll of identify for 26 gold pieces
  6770 | D:8      | Bought a scroll of enchant armour for 97 gold pieces
  6872 | D:8      | Found a staircase to the Lair.
  6873 | D:8      | Noticed a komodo dragon
  6926 | D:7      | Reached skill level 10 in Fighting
  7777 | D:8      | Reached skill level 11 in Axes
  7924 | D:8      | Noticed Erica
  7942 | D:8      | Killed Erica
  7942 | D:8      | Reached skill level 12 in Axes
  8218 | D:8      | Reached skill level 5 in Shields
  8252 | D:8      | Reached XP level 10. HP: 66/94 MP: 10/10
  8405 | D:8      | Noticed a two-headed ogre
  8460 | D:7      | Killed seren's ghost
  8460 | D:7      | Reached skill level 13 in Axes
  8652 | D:7      | HP: 2/94 [electric eel/bolt of electricity (5)]
  8652 | D:7      | Killed from afar by an electric eel

Vault maps used:
D:1:      dpeg_arrival_rooms_a
D:2:      fiery_altar_vehumet, marbit_many_paths,
          nicolae_overflow_crystal_walls, nicolae_ru_awakened_eye
D:3:      st_stairs_6, serial_bayou_pond_d, minmay_misc_feat_cross
D:4:      elyvilon_altar_4, grunt_temple_overflow_open, gup_sewer_entry_pipe
D:5:      kennysheep_big_flooded_room, basic_altar, first_bread, uniq_sigmund,
          uniq_grinder, uniq_pikel
D:6:      temple_pool_b, st_stairs_9
D:7:      serial_bayou, serial_bayou_crossing, serial_bayou_lake_a,
          serial_bayou_pond_e, serial_bayou_pond_a
D:8:      overflow_temple_1_default, david_lair_shrubbed, serial_shops, shop,
          uniq_erica
Temple:   corrupted_temple
Sewer:    kennysheep_door_sewer

Skill      XL: |  1  2  3  4  5  6  7  8  9 10 |
---------------+-------------------------------+-----
Axes           | 3 4 6 7 9 10 12 13 | 13.2
Stealth        | 1 |  1.4
Dodging        | 1 |  1.0
Fighting       | 6 9 10 | 10.5
Armour         | 4 |  4.0
Shields        | 5 6 |  6.0
Slings         | |  0.1

Action                   |  1- 3 |  4- 6 |  7- 9 | 10-12 || total
-------------------------+-------+-------+-------+-------++-------
Melee: War axe           |   111 |   128 |   335 |    44 ||   618
 Fire: Hunting sling     |       |     1 |    10 |       ||    11
  Use: Potion            |       |     1 |     6 |     3 ||    10
       Scroll            |       |       |    10 |       ||    10
  Eat: Chunk             |     3 |     5 |    10 |       ||    18
       Fruit             |       |       |     3 |       ||     3
       Royal jelly       |       |       |     2 |     1 ||     3
Armor: Scale mail        |    69 |    48 |   152 |     6 ||   275
Dodge: Dodged            |    70 |    84 |   144 |    11 ||   309
Block: Other             |       |       |    13 |       ||    13
       Buckler           |       |       |    14 |     9 ||    23
       Reflection        |       |       |     2 |       ||     2
